 Dungeon Crawl Stone Soup version 0.31-a0-240-gb923e448b6 (webtiles) character file.

Game seed: 1554024213697276318

35 qw the Shooter (level 3, 0/21 HPs)
             Began as a Gargoyle Hexslinger on July 11, 2023.
             Slain by a worm (2 damage)
             ... on level 2 of the Dungeon.
             The game lasted 00:00:23 (730 turns).

qw the Shooter (Gargoyle Hexslinger)                 Turns: 730, Time: 00:00:24

Health: 0/21       AC:  9    Str: 11    XL:     3   Next: 33%
Magic:  4/4        EV: 10    Int: 13    God:
Gold:   94         SH:  0    Dex: 14    Spells: 3/4 levels left

rFire   . . .        Y - +1 sling
rCold   . . .        (no shield)
rNeg    + . .        e - +0 ring mail
rPois   inf          (no helmet)
rElec   +            f - +0 cloak
rCorr   .            (no gloves)
SInv    .            (no boots)
Will    .....        (no amulet)
Stlth   +            (no ring)
HPRegen 0.23/turn    (no ring)
MPRegen 0.09/turn

%: no passive effects
@: no status effects
A: sickness immunity, AC +3, negative energy resistance 1, electricity
resistance, torment resistance 1, petrification resistance
a: no special abilities


You were on level 2 of the Dungeon.
You visited 1 branch of the dungeon, and saw 2 of its levels.

You collected 94 gold pieces.


Innate Abilities, Weirdness & Mutations

You are immune to sickness and miasma.
Your stone body is resilient. (AC +3)
You are immune to poison.
You resist negative energy. (rN+)
You are resistant to electric shocks. (rElec)
You are resistant to unholy torment.
You are immune to petrification.


   Skills:
 - Level 2.0 Fighting
 + Level 3.1 Ranged Weapons
 - Level 1.0 Armour
 - Level 1.5 Dodging
 - Level 1.0 Spellcasting
 - Level 2.6 Hexes


You had 3 spell levels left.
You knew the following spells:

 Your Spells              Type           Power      Damage    Failure   Level
a - Slow                  Hex            28%        N/A       22%         1

Your spell library contained the following spells:

 Spells                   Type           Power      Damage    Failure   Level
 Inner Flame              Hex/Fire       4%         N/A       75%         3
 Portal Projectile        Hex/Tloc       8%         N/A       75%         3
 Cause Fear               Hex            3%         N/A       91%         4

Inventory:

Hand Weapons
 Y - a +1 sling (weapon)
Armour
 e - a +0 ring mail (worn)
 f - a +0 cloak (worn)
Scrolls
 a - a scroll of identify
Potions
 k - a potion of curing {unknown}

Dungeon Overview and Level Annotations

Branches:
Dungeon (2/15)

Altars:

Annotations:
D:2 Robin


Message History

You shoot a sling bullet.
The sling bullet hits Robin but does no damage.
Robin is lightly wounded.
Robin hits you but does no damage. Robin closely misses you.
The goblin hits you but does no damage.
Robin hits you with a +1 short sword of speed.
The goblin closely misses you. Robin hits you but does no damage.
You shoot a sling bullet.
The sling bullet hits Robin but does no damage.
Robin is lightly wounded.
Robin hits you with a +1 short sword of speed.
Robin hits you but does no damage. The goblin hits you with a +0 dagger.
726 ||| READING scroll of teleportation.
As you read the scroll of teleportation, it crumbles to dust.
You feel strangely unstable. Robin hits you but does no damage.
Robin misses you. The goblin hits you but does no damage.
Robin hits you with a +1 short sword of speed.
You shoot a sling bullet. The sling bullet hits Robin.
Robin is lightly wounded.
The goblin no longer looks unusually strong.
Robin hits you but does no damage. x2; The goblin barely misses you.
Robin roars a battlecry!
The goblin goes into a battle-frenzy!
You shoot a sling bullet. The sling bullet hits Robin.
Robin is moderately wounded.
The hobgoblin no longer looks unusually strong.
Robin hits you but does no damage. The goblin hits you but does no damage.
Robin roars a battlecry!
The hobgoblin goes into a battle-frenzy!
The goblin hits you but does no damage.
You shoot a sling bullet. The sling bullet hits Robin.
Robin is severely wounded.
Your surroundings suddenly seem different.
A worm and a bat come into view.
The bat closely misses you. The worm barely misses you.
You shoot a sling bullet. The sling bullet hits the worm.
The worm is moderately wounded.
The bat hits you but does no damage. The worm bites you.
You die...

#######...
#.@b......
#..w......
#.......##
#.......#
#.......#
#########


You could see a worm and a bat.

Vanquished Creatures
  3 dart slugs (D:1)
  3 endoplasms (D:1)
  6 goblins (D:2)
  2 hobgoblins
  4 jackals (D:1)
  3 ball pythons (D:1)
  2 bats (D:1)
  3 kobolds
26 creatures vanquished.

Notes
Turn   | Place    | Note
-------+----------+-------------------------------------------
     0 | D:1      | qw the Gargoyle Hexslinger began the quest for the Orb.
     0 | D:1      | Reached XP level 1. HP: 12/12 MP: 2/2
     0 | D:1      | 0 ||| qw: Version: 0.3-a-52-g30416fa
     0 | D:1      | 0 ||| qw: Game counter: 6078
     0 | D:1      | 0 ||| qw: Melee chars always use a shield: true
     0 | D:1      | 0 ||| qw: God list: Okawaru
     0 | D:1      | 0 ||| qw: Allow faded altars: false
     0 | D:1      | 0 ||| qw: Do Orc after clearing Dungeon:15 true
     0 | D:1      | 0 ||| qw: Do second Lair branch before Depths: true
     0 | D:1      | 0 ||| qw: Lair rune preference: random
     0 | D:1      | 0 ||| qw: Goals: Normal
     0 | D:1      | 0 ||| PLANNING D:1-11
   126 | D:1      | Reached XP level 2. HP: 16/16 MP: 3/3
   238 | D:1      | 238 ||| FLEEEEING.
   248 | D:1      | Reached skill level 3 in Ranged Weapons
   444 | D:1      | 444 ||| FLEEEEING.
   445 | D:1      | 445 ||| FLEEEEING.
   446 | D:1      | 446 ||| FLEEEEING.
   565 | D:1      | 565 ||| UPGRADING to +0 ring mail.
   575 | D:1      | 575 ||| DROPPING +0 robe.
   576 | D:1      | 576 ||| UPGRADING to +0 cloak.
   581 | D:1      | 581 ||| READING 3 scrolls labelled JULUSO IHOIP.
   582 | D:1      | 582 ||| READING scroll labelled ZUSAUG REOPHAA.
   583 | D:1      | 583 ||| READING scroll labelled QAT JOSUJY.
   587 | D:1      | 587 ||| READING scroll labelled ALIMMESADE.
   588 | D:1      | 588 ||| READING scroll labelled CAODDOD CALY.
   589 | D:1      | 589 ||| READING 2 scrolls of identify.
   589 | D:1      | 589 ||| IDENTIFYING orange potion
   590 | D:1      | 590 ||| DROPPING scroll of poison.
   591 | D:1      | 591 ||| DROPPING potion of attraction.
   617 | D:2      | 617 ||| STAIRDANCE
   630 | D:1      | Reached XP level 3. HP: 10/21 MP: 4/4
   709 | D:2      | Noticed Robin
   711 | D:2      | 711 ||| Stepping ~*~*~tactically~*~*~ (outnumbered).
   720 | D:2      | Reached skill level 1 in Armour
   725 | D:2      | HP: 5/21 [goblin/+0 dagger[Robin] (1)]
   726 | D:2      | 726 ||| READING scroll of teleportation.
   726 | D:2      | HP: 1/21 [Robin/+1 short sword of speed (4)]
   730 | D:2      | Slain by a worm

Levels and vault maps discovered:
D:1:      heliophobic_arrival_glass_houses, layout_basic
D:2:      layout_basic, dreamdust_ecumenical_altar_grove,
          lightli_corner_chamber, uniq_robin, uniq_natasha

Skill      XL: |  1  2  3 |
---------------+----------+-----
Ranged Weapons | 3 |  3.1
Fighting       | 2 |  2.0
Armour         | 1 |  1.0
Dodging        | |  1.5
Spellcasting   | |  1.0
Hexes          | |  2.6

Action                     || total
---------------------------++-------
   Fire: Sling             ||    80
    Use: Scroll            ||     7
 Armour: Robe              ||     7
         Ring mail         ||    60
  Dodge: Dodged            ||    60

Table legend:
 A = Non-vault XP
 B = Vault XP
 C = Vault XP percentage of total XP
 D = Non-vault monster count
 E = Vault monster count
 F = Vault count percentage of total count
                 A         B        C        D         E       F
            +---------+---------+-------+---------+---------+-------
      Total |      37 |      13 |  26.0 |      19 |       7 |  26.9
            +---------+---------+-------+---------+---------+-------
        D:1 |      36 |       0 |   0.0 |      18 |       0 |   0.0
        D:2 |       1 |      13 |  92.9 |       1 |       7 |  87.5
            +---------+---------+-------+---------+---------+-------
